cohdb
Replays
Latest Replays
All Replays
Popular Replays
Top Player Replays
Match Explorer
How It Works
Community
CoH3 Stats
Reddit
Sign in to upload your games and track your stats! →
Sign in with Steam
Match 45968872
Unlisted
Match 45968872
Overview
Messages
Build Orders
End
Engineer Squad
Selects Special Operations Battlegroup
Selects M29 Weasel Recon Vehicle
M29 Weasel Recon Vehicle
Construct Weapon Support Center
M1919 Machine Gun Team
Bazooka Squad
Infantry Support Center
M3 Armored Personnel Carrier
Engineer Squad
Construct Tank Depot
Selects Raiding Flares
Selects SSF Commando Squad
SSF Commando Squad
.30 cal Machine Gun
M4A1 Sherman Medium Tank
Advanced Logistics
TwistedTootsy
Stormless
Grunka Lunka
Elan
Quejour-2
frostie
0
0
Comments
sign in to comment!
No comments posted yet!